[Event "SVK ECo-C Extraliga 2021-22"]
[Site "Slovakia"]
[Date "2022.05.08"]
[Round "8.7"]
[White "Maslikova, Veronika"]
[Black "Gasa, Andrej"]
[Result "1-0"]
[ECO "B50"]
[WhiteElo "2226"]
[BlackElo "2153"]
[Annotator "TA"]
[PlyCount "119"]
[EventDate "2021.10.21"]
[EventType "team-tourn"]
[EventCountry "SVK"]
[SourceTitle "playchess.com"]
[Source "ChessBase"]
[SourceQuality "1"]
[TimeControl "40/5400+30:1800+30"]

1. e4 c5 2. Nf3 d6 3. d3 Nc6 4. g3 e5 5. Bg2 Be7 6. O-O {[%emt 0:01:09] B50: Sicilian: 2...d6, Miscellaneous.} Nf6 7. c3 h6 8. Qe2 {[%emt 0:07:32] [#] White has an edge.} Be6 $146 ({Predecessor:} 8... Nh7 9. Be3 Bg4 10. h3 Bd7 11. Nbd2 Ng5 12. Kh2 Ne6 13. Rad1 g5 14. Nb3 h5 {0-1 (37) Rosenlund,T-Poulsen,A Copenhagen 1974}) 9. a4 Qc8 10. Bd2 Bg4 (10... O-O $142) 11. Na3 $11 O-O 12. Nc4 Be6 13. Rfc1 Qd7 14. b4 cxb4 15. cxb4 Bg4 16. Ne3 (16. Bc3 $16) 16... Bh5 (16... Nd4 $11 17. Qd1 Bh5) 17. Nf5 ({White should play} 17. Bc3 $16) 17... d5 18. b5 Nd4 19. N5xd4 dxe4 {[%emt 0:00:17] [#]} 20. dxe4 $1 exd4 21. e5 d3 22. Qe1 Nd5 23. Qe4 ({Better is} 23. Nd4 $14) 23... Bg6 24. Qd4 Rfd8 $1 25. Nh4 Bxh4 26. Qxh4 Ne7 27. Bh3 {[%emt 0:02:54] This bishop pair is nice.} Bf5 28. Bxf5 Nxf5 29. Qe4 Nd4 $1 30. Rc4 (30. Qxd3 $2 Qg4 31. Kg2 Nf5 $19) (30. Rd1 $17 {was called for.}) 30... Qd5 $2 (30... Rac8 $1 $19 31. Rxc8 Qxc8) 31. Qxd5 Rxd5 32. Kg2 {[%emt 0:00:18] Inhibits Nf3.} Nb3 33. Rd1 Rxe5 34. Be3 Na5 (34... Rd5 $14) 35. Rd4 $1 $16 b6 36. R1xd3 Re7 37. Bd2 Nb7 38. Bb4 Rc7 39. Rd7 Rac8 40. R3d5 {[%emt 0:01:05] White is more active.} (40. h4 $16) 40... g6 ({Black should try} 40... Na5 $1 $14) 41. Re7 Rxe7 42. Bxe7 {[%emt 0:00:09][%mdl 4096] Endgame Strongly threatening Rd7. KRB-KRN} Rc7 {[%emt 0:00:06] Against Rd7} 43. Bf6 g5 (43... h5 $16) 44. h4 $18 gxh4 45. gxh4 ({Not} 45. Bxh4 Kg7 $11) 45... Kh7 46. h5 Kg8 47. Rd4 Kf8 48. Be5 Rc5 49. Bb8 Rxh5 {[%emt 0:00:00] [#]} 50. f4 $1 {[%emt 0:00:00] Prevents Rg5+.} ({But not} 50. Bxa7 Rg5+ 51. Kh3 Rg6 $16) 50... Rc5 $2 {[%emt 0:00:00] A mistake that costs the game.} (50... Rf5 $16) 51. Bxa7 Rc2+ 52. Kg3 Ke7 (52... Rc3+ $2 53. Kg4 $18) 53. Bxb6 Nd6 {[%emt 0:00:00] Hoping for ...Nf5+.} 54. Kh3 {[%emt 0:00:00] aiming for Ba5.} Rc3+ (54... Ke6 {was necessary.} 55. Ba5 Rb2) 55. Kg2 {[%emt 0:00:00] And now Ba5 would win.} f5 $2 (55... Ke6 56. Ba5 Rb3) 56. Ba5 Rc2+ 57. Kh3 {[%emt 0:00:00] Black must now prevent Bb4.} Nc4 58. Bb4+ Ke6 59. b6 Ne3 60. Rd2 {[%emt 0:00:43] Weighted Error Value: White=0.17 (very precise) /Black=0.32} (60. b7 $142 Nf1 {[#]} 61. Rd2 $3 Nxd2 62. b8=Q Nf3 63. Qd6+ Kf7 64. Qe7+ Kg6 65. Qe6+ Kg7 66. Qxf5) 1-0

[Event "SVK ECo-C Extraliga 2021-22"]
[Site "Slovakia"]
[Date "2022.05.08"]
[Round "8.7"]
[White "Macko, Michal"]
[Black "Kopera, Michal"]
[Result "0-1"]
[ECO "A15"]
[WhiteElo "2161"]
[BlackElo "2127"]
[Annotator "TA"]
[PlyCount "126"]
[EventDate "2021.10.21"]
[EventType "team-tourn"]
[EventCountry "SVK"]
[SourceTitle "playchess.com"]
[Source "ChessBase"]
[SourceQuality "1"]
[TimeControl "40/5400+30:1800+30"]

1. c4 Nf6 2. g3 d5 3. cxd5 Nxd5 4. Bg2 e5 5. Nc3 Nxc3 6. bxc3 Bc5 7. Nf3 Nc6 8. O-O {[%emt 0:00:12][%cal Of3e5] A29: English Opening: Four Knights Variation with 4 g3.} e4 9. Ne1 Bf5 10. Qa4 {[%emt 0:03:15] And now Qb5 would win. White is better.} O-O 11. Bxe4 Bxe4 12. Qxe4 Re8 13. Qc4 Bb6 14. d4 Na5 15. Qd3 Qd5 16. Nc2 Rad8 {[%emt 0:01:08] [#]} 17. e3 $146 ({Predecessor:} 17. Ne3 Qh5 18. Bb2 c5 19. Rfe1 a6 20. Rad1 cxd4 21. cxd4 Nc6 22. Nc2 Ba5 23. Bc3 Ne5 24. Qd2 Nc4 25. Qd3 Ne5 {½-½ (25) Hibbitt,A-Brown,A (2087) Paignton 2013}) 17... Nc6 (17... c5 $11 {remains equal.}) 18. Nb4 Nxb4 19. cxb4 h5 20. Rd1 h4 21. Qf1 ({Wrong is} 21. gxh4 $2 Rd6 22. Kf1 Bxd4 $1 $19 ) 21... hxg3 22. hxg3 c6 {[%emt 0:00:08] Inhibits b5.} 23. Qg2 Qf5 24. Bd2 Qc2 25. Be1 (25. a4 $5 ) 25... Re6 26. a4 a6 {[%emt 0:02:25] Prevents b5.} ({Black should play} 26... Rh6) 27. a5 (27. Rdc1 $16 Qb2 28. b5 axb5 29. axb5) 27... Ba7 (27... Bc7 $14) 28. d5 $16 Red6 29. Rdc1 Qb2 30. dxc6 Rxc6 31. Rcb1 ({But not} 31. Rxc6 $2 bxc6 32. Bc3 (32. Ra4 $2 Qc1 $19) 32... Qxc3 $19) ({White has to play} 31. Rd1 $16 Qf6 32. Qe4) 31... Qe2 $11 32. Qe4 Rh6 {[%emt 0:06:02] [#] aiming for ...Bb8.} 33. Qxb7 {[%emt 0:02:51][%mdl 8192] Loses the game.} (33. Rc1 $1 $16 {stays on course.}) 33... Bxe3 $1 $19 34. Rb3 $2 {[%emt 0:01:16] [#]} (34. b5 $19 Rf6 35. Qg2) 34... Bxf2+ $1 35. Bxf2 Rd1+ 36. Kg2 Qf1+ 37. Kf3 Qh1+ 38. Ke2 Re6+ 39. Re3 Rxe3+ (39... Qf1+ $142 40. Kf3 Rxe3+ 41. Kxe3 Rd3+ 42. Ke4 Qe2+ 43. Kf5 Qxf2+ 44. Ke5 Qd4+ 45. Kf5 g6+ 46. Kg5 Qe5+ 47. Kh6 Qh5#) 40. Kxe3 Qxb7 41. Rxd1 Qxb4 {[%emt 0:30:12][%mdl 4096] Endgame KQ-KRB} 42. Be1 Qc4 43. Rd3 f5 44. Rd4 Qe6+ 45. Kf2 Kf7 46. Bd2 Qe5 47. Rd3 Qc5+ 48. Kf3 Qc4 49. Ke2 g5 {[%emt 0:00:00][%cal Bg7g5,Bg5f4][%mdl 32] Hoping for ...f4.} 50. Bc3 f4 {[%emt 0:00:00] White must now prevent ...fxg3.} 51. gxf4 gxf4 52. Kd2 Qa2+ 53. Kd1 Ke6 54. Be1 Ke5 55. Rd2 Qa1+ 56. Ke2 Qxa5 {[%emt 0:00:00] ( -> ...Qb5+)} 57. Bf2 Qb5+ {[%emt 0:00:00] Black mates.} 58. Kd1 a5 59. Kc1 Ke4 60. Rc2 a4 61. Bc5 Qb3 62. Rb2 Qc3+ 63. Rc2 Qd3 {[%emt 0:00:49] Weighted Error Value: White=0.94/Black=0.33} 0-1

[Event "SVK ECo-C Extraliga 2021-22"]
[Site "Slovakia"]
[Date "2022.05.09"]
[Round "8.7"]
[White "Kardis, Benjamin"]
[Black "Csonka Attila Istvan"]
[Result "0-1"]
[ECO "D01"]
[WhiteElo "2005"]
[BlackElo "2320"]
[Annotator "TA"]
[PlyCount "60"]
[EventDate "2021.10.21"]
[EventType "team-tourn"]
[EventCountry "SVK"]
[SourceTitle "playchess.com"]
[Source "ChessBase"]
[SourceQuality "1"]
[TimeControl "40/5400+30:1800+30"]

1. d4 Nf6 2. Nc3 d5 3. Bg5 c6 4. Qd3 g6 5. Bxf6 exf6 {[%emt 0:00:15] [#]} 6. f3 $146 {[%emt 0:02:29] D01: Veresov Opening.} ({White should play} 6. Nf3 $15) ({Predecessor:} 6. e4 dxe4 7. Qxe4+ Be7 8. O-O-O f5 9. Qf3 O-O 10. Bc4 a6 11. d5 c5 12. d6 Bxd6 {½-½ (74) Govedarica,R (2395)-Krstic,P (2348) Kragujevac 2010}) 6... Bh6 $17 7. e4 O-O 8. Nge2 (8. h4 $17) 8... Re8 9. g3 b6 10. Nf4 Ba6 11. Qd2 f5 12. Bxa6 Nxa6 13. e5 f6 14. O-O fxe5 15. dxe5 Rxe5 16. Qd4 (16. Rae1 $17 Qe7 17. Rxe5 Qxe5 18. Re1) 16... Qe7 17. Qa4 Qb7 18. Nd3 (18. Rae1 {might work better.} Rae8 19. Rxe5 Rxe5 20. Qd4) 18... Nc5 $19 19. Nxc5 Be3+ ({Wrong is} 19... bxc5 $2 20. Rae1 Rae8 21. Rxe5 Rxe5 22. Nd1 $19) 20. Kh1 Bxc5 21. Rad1 Rae8 22. b4 b5 23. Qb3 Bf8 24. Qb1 Re3 25. Rd3 Qg7 {[%emt 0:00:59] [#] Threatens to win with ...Rxd3.} 26. Rxe3 (26. Qc1 Rxd3 27. cxd3) 26... Rxe3 27. Nd1 Re2 {[%emt 0:00:16] Hoping for ...Qh6.} 28. c3 Qh6 29. Rf2 {[%emt 0:02:20] [#]} Qd2 (29... Qh3 $142 $1 {( -> ...Re1+)} 30. Ne3 (30. Nb2 Rxf2) 30... Rxf2) 30. Kg2 Bg7 {[%emt 0:00:32] Weighted Error Value: White=0.53/Black=0.32} 0-1

[Event "SVK ECo-C Extraliga 2021-22"]
[Site "Slovakia"]
[Date "2022.05.09"]
[Round "8.7"]
[White "Bojtos, Patrik"]
[Black "Federic, Jozef"]
[Result "1/2-1/2"]
[ECO "D02"]
[WhiteElo "1986"]
[BlackElo "2207"]
[Annotator "TA"]
[PlyCount "125"]
[EventDate "2021.10.21"]
[EventType "team-tourn"]
[EventCountry "SVK"]
[SourceTitle "playchess.com"]
[Source "ChessBase"]
[SourceQuality "1"]
[TimeControl "40/5400+30:1800+30"]

1. d4 d5 2. Bf4 Nf6 3. e3 e6 4. Nf3 Bd6 5. Bg3 O-O 6. Bd3 c5 7. c3 b6 8. Nbd2 Bb7 9. Ne5 Nc6 10. f4 {[%emt 0:02:12] D02: 1 d4 d5 2 Nf3 sidelines, including 2...Nf6 3 g3 and 2...Nf6 3 Bf4.} Ne7 11. Qf3 {[%emt 0:09:57] Against Ne4} a5 {[%emt 0:08:51] [#]} 12. Bh4 $146 ({Predecessor:} 12. Bf2 Ba6 13. Bc2 b5 14. g4 cxd4 15. exd4 b4 16. Rg1 Nd7 17. Qh3 Ng6 18. Ndf3 bxc3 19. bxc3 {0-1 (36) Pham,P (1957)-Nguyen,L (1936) Ho Chi Minh City 2019}) 12... Nf5 13. Bxf6 gxf6 (13... Qxf6 14. Nd7 Qh4+ 15. g3 $16) 14. Ng4 Kh8 (14... Kg7 $14) 15. Bxf5 $16 exf5 16. Nh6 Qd7 (16... cxd4 $16 17. exd4 Re8+ 18. Kf2 Qd7) 17. Qh5 (17. O-O $1 $18) 17... cxd4 $14 18. cxd4 Ba6 19. Qxf5 $40 {[%emt 0:15:47][%cal Rf5f6][%mdl 128] White has some attack.} (19. Nxf5 $2 Bb4 20. Rd1 (20. Qg4 $2 Rg8 $19) (20. a3 $2 Bxd2+ 21. Kxd2 Rg8 $19) 20... Rac8 $19) 19... Qe7 (19... Qe6 $11 {remains equal.} 20. Kf2 Rae8) 20. Kf2 $1 $16 Rae8 (20... Qe6 $16) 21. Ng4 $1 $18 Kg7 22. Rhe1 (22. Qxd5 $6 h5 23. Qxh5 Rh8 $11) (22. Qh5 $18) 22... Qe6 (22... h5 $1 $14) 23. Qh5 $16 f5 24. Qg5+ (24. Ne5 f6 $11) 24... Qg6 25. Nf6 $1 {[%emt 0:02:17][%cal Bg4f6,Bf6h5,Bh5f4,Bf4e2,Be2g3][%mdl 32] The board is on fire.} Rc8 26. Rec1 {[%emt 0:02:26] Prevents Rc2. 0x0.002ae76dc7e4dp-1022s more active pieces.} ({Of course not} 26. Nxd5 $6 Qxg5 27. fxg5 Rc2 $11) 26... Qxg5 27. fxg5 Bb4 (27... h6 $16 {was necessary.}) 28. Nf3 Rfd8 29. a3 Be7 {[%emt 0:00:14] [#]} 30. Nh5+ {[%emt 0:00:11] Pair of Knights!} ({Don't take} 30. Rxc8 $6 Rxc8 31. Nxd5 Rc2+ 32. Kg1 Bd8 $16) 30... Kf8 31. Nf4 Bc4 32. h4 b5 33. Nd2 {[%emt 0:02:02] Hoping for b3.} a4 {[%emt 0:01:04] Prevents b3.} 34. Ne2 Rb8 {[%emt 0:02:05] [#]} (34... f6 $16 {might work better.}) 35. Ng3 $1 $18 Bd3 (35... Re8 $142 36. Nxf5 Bd8) 36. Rc3 Be4 37. Ndxe4 fxe4 38. Nf5 {[%emt 0:00:30] And now Rc7 would win.} Rb7 (38... Rdc8 $142 39. Rcc1 Rc4) 39. Nxe7 Kxe7 {[%emt 0:00:10][%mdl 4096] Endgame KRR-KRR} 40. Rac1 b4 41. Rc7+ Rd7 42. Rxd7+ Kxd7 43. axb4 Rxb4 {[%emt 0:00:06] KR-KR} 44. Rc2 Rb3 45. g4 ({White should play} 45. Re2 $16) 45... Kd6 $14 46. Re2 Ke6 47. Kg3 Rd3 $1 48. Re1 ({Better is} 48. h5 $1 $14) 48... Rb3 $11 49. Re2 Rd3 $1 50. Kf2 (50. h5 $11 {should be considered.}) 50... Rb3 $14 51. h5 (51. Kg2 $1 $14) 51... Rd3 (51... f6 $11) 52. Kg3 (52. Kg2 $16) 52... Rd1 $1 $11 {[%emt 0:00:00] The position is equal.} 53. Rf2 {[%emt 0:00:15] Threatens to win with Rf6+.} Rg1+ 54. Kh2 Re1 55. Rf6+ Ke7 56. Rh6 Re2+ $1 ({Resist} 56... Rxe3 57. Rxh7 Rf3 58. Kg2 $16) 57. Kg1 Rxb2 {[%emt 0:00:00] ( -> ...a3)} 58. Ra6 $1 Re2 59. Rxa4 Rxe3 60. Ra7+ Ke6 {[%emt 0:00:00] aiming for ...Rg3+.} 61. Ra6+ Ke7 {[%emt 0:00:00] White must now prevent ...Rg3+.} 62. Ra7+ Ke6 {[%emt 0:00:00] Strongly threatening ...Rg3+.} 63. Ra6+ {[%emt 0:00:07] Black defended with fortune.  Weighted Error Value: White=0.19 (very precise) /Black=0.19 (very precise)} 1/2-1/2

[Event "SVK ECo-C Extraliga 2021-22"]
[Site "Slovakia"]
[Date "2022.05.08"]
[Round "8.7"]
[White "Pandula, Blazej"]
[Black "Petran, Peter"]
[Result "0-1"]
[ECO "A37"]
[WhiteElo "1590"]
[BlackElo "2240"]
[Annotator "TA"]
[PlyCount "122"]
[EventDate "2021.10.21"]
[EventType "team-tourn"]
[EventCountry "SVK"]
[SourceTitle "playchess.com"]
[Source "ChessBase"]
[SourceQuality "1"]
[TimeControl "40/5400+30:1800+30"]

1. c4 g6 2. Nc3 Bg7 3. Nf3 c5 4. g3 Nc6 5. Bg2 d6 6. O-O Bd7 {[%emt 0:01:36] 6...Bf5 is a critical line.} 7. e3 e5 {[%emt 0:01:08] [#] Prevents d4. A37: Symmetrical English vs ...g6: 4 Bg2 Bg7 5 Nf3.} 8. b3 $146 ({Predecessor:} 8. d4 Nge7 9. Nb5 O-O 10. d5 Na5 11. Nxd6 Bg4 12. Ne4 Nxc4 13. Nxc5 Qc7 14. Ne4 Rfd8 15. b3 {1-0 (63) Ribeiro,M (2195)-Springis,J (1817) Tornelo INT 2021}) 8... Nge7 9. Bb2 a6 {[%emt 0:01:34] The position is equal.} 10. d4 cxd4 11. exd4 O-O 12. d5 Na5 13. Ne4 Bf5 14. Nh4 (14. Nfd2 $14 b5 15. Qe2) 14... Bxe4 $11 15. Bxe4 Rc8 16. a4 (16. f4 {keeps more tension.} f5 17. Bg2 Qb6+ 18. Rf2) 16... b6 17. Ng2 Nb7 18. Qd2 f5 19. Bc2 a5 20. f3 Nc5 21. Rab1 Qd7 22. Ba3 Qc7 23. Rf2 h5 24. Bb2 Kh7 25. h4 Ng8 26. Kh2 (26. g4 $5) 26... Nf6 27. Rg1 Rce8 28. Re2 Bh6 29. Qd1 Qe7 30. Rge1 Qd8 31. Kh3 Kg8 32. Bc1 (32. Nf4 $11 Kh7 33. Nd3) 32... Bxc1 $15 33. Qxc1 Kg7 34. Qg5 {[%emt 0:00:23] [#] Hoping for Bxf5.} Qd7 {[%emt 0:00:35][%cal Oc5e4] Strongly threatening ...Nce4!} 35. Kh2 Nh7 {[%emt 0:00:37] Pair of Knights!} 36. Qd2 Qf7 37. Qc3 Nf6 38. b4 axb4 39. Qxb4 Qc7 40. Ra1 Ra8 41. Bb1 Ra6 42. Rea2 Rfa8 {[%emt 0:00:10] Black is more active.} 43. Bc2 Qe7 44. Qd2 Nh7 45. Qc3 Qf6 46. a5 $2 (46. Ra3 $15) 46... e4 $19 47. Qxf6+ Nxf6 48. fxe4 fxe4 49. Nf4 Rxa5 50. Rxa5 bxa5 51. Rb1 $2 (51. Ba4 {was called for.}) 51... a4 {[%emt 0:04:24] [#] And now ...Ng4+ would win.} 52. Ne6+ Nxe6 53. dxe6 {[%emt 0:00:11][%mdl 4096] Endgame KRB-KRN} Ng4+ (53... a3 $142 54. Bb3 a2) 54. Kg1 Re8 $2 ({Better is} 54... a3 $19 {Threatens to win with ...a2.} 55. Bxe4 Ra6) 55. Rb7+ $2 (55. Bxa4 $11 {and White has nothing to worry.} Re7 56. Bd7) 55... Kf6 56. Bxa4 Rxe6 {[%emt 0:00:09] White must now prevent ...Ke5.} 57. Kf1 (57. Bc6 $142) 57... Ke5 58. Ke2 Kd4 59. Bb3 $2 (59. Rb4 Ne3 60. Bd7) 59... Rf6 60. Rd7 Kc3 (60... Ne5 $142 61. Ra7 Nd3 62. Ra2 Nc1+ 63. Ke1 Ke3 64. Kd1 Rf1+ 65. Kc2 Nxa2 66. Bxa2 Rf2+ 67. Kc3 Rxa2 68. g4 hxg4 69. Kb3 Ra8 70. c5 g3 71. Kb4 g2 72. Kc4 g1=Q 73. cxd6 Qf1+ 74. Kd5 Qb5+ 75. Ke6 Rf8 76. d7 Qc6+ 77. Ke7 Qf6#) 61. Ba2 Rf2+ {[%emt 0:00:08] Weighted Error Value: White=0.70/Black=0.34} 0-1

[Event "SVK ECo-C Extraliga 2021-22"]
[Site "Slovakia"]
[Date "2022.05.08"]
[Round "8.8"]
[White "Zpevak, Pavel"]
[Black "Danada, Tomas"]
[Result "1/2-1/2"]
[ECO "E61"]
[WhiteElo "2373"]
[BlackElo "2302"]
[Annotator "TA"]
[PlyCount "45"]
[EventDate "2021.10.21"]
[EventType "team-tourn"]
[EventCountry "SVK"]
[SourceTitle "playchess.com"]
[Source "ChessBase"]
[SourceQuality "1"]
[TimeControl "40/5400+30:1800+30"]

1. d4 Nf6 2. c4 g6 3. Nc3 Bg7 4. Bg5 d6 5. e3 c5 6. d5 {[%emt 0:02:13] E61: King's Indian: Early deviations for White, including Smyslov System.} h6 7. Bh4 {[%emt 0:00:15] [#]} g5 $146 ({Predecessor:} 7... Qa5 8. Qd2 g5 9. Bg3 Nh5 10. Be2 Nxg3 11. hxg3 Nd7 12. f4 Nf6 13. Nf3 Ng4 {½-½ (43) Chernyshov,K (2578)-Dvoirys,S (2569) Irkutsk 2010}) 8. Bg3 {[%emt 0:00:15] Black has an edge.} Qa5 9. Bd3 b5 10. cxb5 Nxd5 $1 11. Nge2 Nxc3 ({But not} 11... Bxc3+ 12. bxc3 Bb7 13. h4 $14) 12. Nxc3 Bxc3+ (12... c4 $2 13. Be4 $18) 13. bxc3 Qxc3+ (13... c4 $2 14. Be4 $18) 14. Kf1 Bb7 15. h4 Nd7 16. Rc1 Qg7 17. Qa4 h5 (17... g4 $15) 18. Kg1 (18. hxg5 $11 Qxg5 19. Rh4) 18... Nb6 19. Qc2 c4 20. Be2 Rc8 21. a4 c3 22. Qd1 (22. a5 $11 {remains equal.} Nd7 23. b6) 22... gxh4 (22... g4 $17 {Hoping for ...Be4.} 23. a5 Nd7) 23. Rxh4 {Weighted Error Value: White=0.22 (precise) /Black=0.22 (precise)} 1/2-1/2

[Event "SVK ECo-C Extraliga 2021-22"]
[Site "Slovakia"]
[Date "2022.05.09"]
[Round "8.8"]
[White "Bochnicka Vladimir ml."]
[Black "Jakab, Robert"]
[Result "1-0"]
[ECO "A36"]
[WhiteElo "2204"]
[BlackElo "1903"]
[Annotator "TA"]
[PlyCount "61"]
[EventDate "2021.10.21"]
[EventType "team-tourn"]
[EventCountry "SVK"]
[SourceTitle "playchess.com"]
[Source "ChessBase"]
[SourceQuality "1"]
[TimeControl "40/5400+30:1800+30"]

1. c4 e5 2. Nc3 Nf6 3. g3 c5 4. Bg2 Nc6 5. e4 d6 6. Nge2 g6 7. O-O Bg7 8. d3 O-O 9. h3 {[%emt 0:03:04] 9.a3 deserves study.} Ne8 {[%emt 0:09:29] A36: Symmetrical English vs ...g6: 4 Bg2 Bg7.} 10. Kh2 f5 11. f4 Nf6 {[%emt 0:04:33] [#] The position is equal.} 12. Be3 $146 (12. fxe5 {is more complex.} dxe5 13. exf5 Bxf5 14. Bg5) ({Predecessor:} 12. exf5 gxf5 13. a3 Rb8 14. Rb1 Bd7 15. b4 b6 16. b5 Ne7 17. Bb2 Qc7 18. Ng1 {1-0 (76) Stelmaszyk,N (1504)-Schmitz,F (1558) Magdeburg 2014}) 12... Qe7 13. Qd2 Bd7 14. Rae1 Rae8 15. a3 a6 16. b4 fxe4 17. Nxe4 Nxe4 18. Bxe4 Kh8 (18... Qe6 $2 19. Bd5 $18) 19. fxe5 (19. Nc3 $14) 19... Bxe5 ({Don't take} 19... Qxe5 20. Nf4 $11) (19... Nxe5 $11 20. Rxf8+ Rxf8 21. bxc5 {[#]} Nxc4 $1 22. dxc4 Qxe4 23. cxd6 Qxc4) 20. Nf4 $16 Bf5 21. Bg2 cxb4 (21... Nd4 $16) 22. d4 Bg7 23. axb4 Qc7 (23... h5 $16 {was worth a try.} 24. b5 axb5) 24. Nd5 $18 Qc8 25. Bh6 {[%emt 0:04:53] [#] Threatens to win with b5.} Rxe1 (25... Rf7 $142 26. Bxg7+ Kxg7) 26. Bxg7+ ({But not} 26. Rxe1 $6 Rf7 27. Bxg7+ Kxg7 $18) 26... Kxg7 27. Rxe1 {[%emt 0:00:17] Strongly threatening b5.} Re8 (27... Rf7 $142 28. Nf4 Qf8) 28. b5 Nb8 (28... Rxe1 $2 29. Qxe1 axb5 30. cxb5 $18) (28... axb5 29. cxb5 Rxe1) 29. Ne7 Qd7 30. Nxf5+ gxf5 31. Qg5+ {[%emt 0:00:21] Weighted Error Value: White=0.14 (very precise) /Black=0.65} 1-0

[Event "SVK ECo-C Extraliga 2021-22"]
[Site "Slovakia"]
[Date "2022.05.08"]
[Round "8.8"]
[White "Gasa, Patrik"]
[Black "Szucs, Vladimir"]
[Result "1/2-1/2"]
[ECO "D02"]
[WhiteElo "2178"]
[BlackElo "2117"]
[Annotator "TA"]
[PlyCount "113"]
[EventDate "2021.10.21"]
[EventType "team-tourn"]
[EventCountry "SVK"]
[SourceTitle "playchess.com"]
[Source "ChessBase"]
[SourceQuality "1"]
[TimeControl "40/5400+30:1800+30"]

1. d4 d5 2. Nf3 Nf6 3. g3 e6 4. Bg2 Nbd7 5. c4 c6 6. Nbd2 Be7 7. O-O O-O 8. b3 b6 9. Bb2 Bb7 10. Re1 {[%emt 0:06:06] E07: Closed Catalan: Main Line (5 Nf3 0-0 6 0-0 Nbd7).} Rc8 11. Rc1 Re8 12. a3 a5 {[%emt 0:05:16] [#]} 13. e3 $146 ({Predecessor:} 13. e4 dxe4 14. Nxe4 Nxe4 15. Rxe4 c5 16. Re1 Bxf3 17. Bxf3 cxd4 18. Qxd4 Bf6 19. Qd2 {1-0 (46) Kun,A (2130)-Deli,F Hungary 1997}) 13... Bd6 14. Ne5 Qe7 15. a4 Rc7 16. f4 Rec8 17. Qe2 Bb4 18. Red1 (18. Nd3 $5 ) 18... Nxe5 19. fxe5 Nd7 20. Rc2 Ba6 21. e4 Nf8 22. Qe3 Bb7 23. Nf3 {[%emt 0:07:22] [#]} (23. Qd3 $1 $11) 23... Rd8 (23... c5 $1 $17 {Strongly threatening ...cxd4.} 24. Nd2 (24. exd5 exd5 25. Nh4 cxd4 $15) 24... Rd7) 24. cxd5 cxd5 25. Rxc7 Qxc7 26. Rc1 {[%emt 0:00:02] Against Qc2} Qd7 27. exd5 Bxd5 28. Ng5 Bxg2 29. Kxg2 h6 30. Ne4 Ng6 31. Qf3 Rc8 ({Better is} 31... Ne7 $15) 32. Rxc8+ $11 Qxc8 33. Qd3 {[%emt 0:00:15] Inhibits Qc2+.} Qc6 34. Kf2 Ne7 35. Ke3 Nd5+ 36. Ke2 Ne7 37. Ke3 Nd5+ 38. Kf2 Ne7 39. Kf3 Qd5 40. Qc4 Kh7 (40... Qd7 {with more complications.} 41. Bc1 Qb7 42. Ke3 Nf5+) 41. Qxd5 exd5 {[%emt 0:10:06][%mdl 4096] Endgame KBN-KBN} 42. Nf2 g5 43. Ng4 Ng8 44. Ne3 Ne7 45. Ng4 Ng8 46. Ne3 Ne7 47. h3 Kg6 48. g4 h5 49. Ke2 hxg4 50. Nxg4 Kf5 51. Kf3 Bd2 52. Nf6 Ke6 53. Ne8 Kd7 {[%emt 0:04:12] The position is equal.} 54. Nd6 Ke6 55. Ne8 Kd7 56. Nd6 Ke6 57. Ne8 {[%emt 0:00:29] Weighted Error Value: White=0.12 (very precise) /Black=0.11 (very precise)} 1/2-1/2

[Event "SVK ECo-C Extraliga 2021-22"]
[Site "Slovakia"]
[Date "2022.05.08"]
[Round "8.8"]
[White "Harasta, Igor"]
[Black "Holly, Andrej"]
[Result "0-1"]
[ECO "A05"]
[WhiteElo "2112"]
[BlackElo "2214"]
[Annotator "TA"]
[PlyCount "86"]
[EventDate "2021.10.21"]
[EventType "team-tourn"]
[EventCountry "SVK"]
[SourceTitle "playchess.com"]
[Source "ChessBase"]
[SourceQuality "1"]
[TimeControl "40/5400+30:1800+30"]

1. Nf3 Nf6 2. g3 g6 3. b4 Bg7 4. Bb2 O-O 5. Bg2 a5 6. b5 {[%emt 0:00:32] A05: Réti Opening: 1 Nf3 Nf6.} c6 7. a4 {[%emt 0:01:35] [#]} cxb5 $146 ({Predecessor:} 7... d5 8. O-O Re8 9. d3 Nbd7 10. Nfd2 Qc7 11. Na3 c5 12. c4 d4 13. Nc2 e5 {½-½ (49) Hammer,J (1500)-Lund,F (1686) Lysaker 2002}) 8. axb5 {[%emt 0:00:10] The position is equal.} Qb6 9. Bd4 Qxb5 10. Nc3 Qh5 11. h3 Nd5 12. Na4 Nc6 13. Bxg7 Kxg7 14. g4 Qh6 15. e3 d6 16. c4 Ndb4 17. d4 g5 18. Nb6 Ra6 19. Nxc8 Rxc8 20. h4 Qg6 21. O-O (21. Nd2 $14 Nc2+ 22. Ke2 Nxa1 23. Be4) 21... h6 $11 22. d5 (22. Rc1 $11) 22... Ne5 $17 23. Nxe5 dxe5 24. h5 Qd3 {[%emt 0:02:33] Black is more active.} 25. Qxd3 Nxd3 26. Rfb1 Rxc4 27. Rxb7 Kf6 28. f3 Rb4 29. Rc7 Ra8 30. Rc6+ Kg7 $1 {[%emt 0:00:09][%cal Oe5e4] White must now prevent ...e4!} 31. Bf1 Rb3 {[%emt 0:02:03] aiming for ...a4.} 32. Rc7 Kf8 {[%emt 0:01:34] ...a4 is the strong threat.} 33. Rc6 (33. Ra4 $1 $15) 33... Kg7 ({Better is} 33... a4 $19 {Strongly threatening ...a3.} 34. Rxh6 Kg7) 34. Rc7 $15 a4 (34... Kf6 $5 35. Be2 a4 $17) 35. Rxe7 a3 36. d6 ({Wrong is} 36. Bxd3 $2 Rxd3 37. Ra2 Rb8 $19) 36... Kf6 $36 {[%emt 0:00:40][%mdl 2048] And now ...a2 would win. White is under pressure.} ({Don't take} 36... a2 37. d7 Kf8 38. Rxa2 $1 $14) 37. f4 $2 {[%emt 0:01:06] This costs White the game.} (37. Rc7 $1 $15) 37... exf4 38. exf4 gxf4 {[%emt 0:00:21] Threatens to win with ...Ne5.} ({Worse is} 38... Nxf4 39. Bc4 Rc3 40. Rxf7+ Ke5 41. d7 Rxc4 42. Re7+ Ne6 43. Re1+ Kf4 44. R7xe6 $17) 39. Bg2 {[%emt 0:00:19] [#]} Ra5 {[%emt 0:00:36] Hoping for ...Ne5.} 40. Re8 (40. Re4 {might work better.} Ne5 41. Rxf4+ Ke6 42. Rd4) 40... Ne5 $19 {[%emt 0:02:04] Black is clearly winning.} 41. Ra8 Rxa8 42. Bxa8 Ke6 43. Rd1 (43. g5 $142 hxg5 44. h6) 43... Rd3 {[%emt 0:00:19] Weighted Error Value: White=0.41/Black=0.14 (very precise)} 0-1